PAA
LANNISTER UNITED LIONHEARTS @ PHOENIX HOTSPUR YOUTH
08/09/2029
 
TOP OF THE 1ST
Lannister United Lionhearts batting - Pitching for Phoenix Hotspur Youth : LHP José Santiago
Pitching: LHP José Santiago
Batting: RHB Andrés Escobar 0-0: Called Strike
0-1: Ball
1-1: Foul Ball, location: 2F
1-2: Ball
2-2: Ground out 5-3 (Groundball, 56)
Batting: RHB Ron Morton 0-0: Called Strike
0-1: Foul Ball, location: 2F
0-2: Strikes out swinging
Batting: RHB Carlos Pacheco 0-0: Ball
1-0: Called Strike
1-1: Foul Ball, location: 2F
1-2: Foul Ball, location: 2F
1-2: Strikes out looking
Top of the 1st over - 0 runs, 0 hits, 0 errors, 0 left on base; Lannister United 0 - Phoenix Hotspur 0
BOTTOM OF THE 1ST
Phoenix Hotspur Youth batting - Pitching for Lannister United Lionhearts : LHP Earl Farley
Pitching: LHP Earl Farley
Batting: LHB António Escalante 0-0: Foul Ball, location: 2F
0-1: Foul Ball, location: 2F
0-2: Ball
1-2: Foul Ball, location: 2F
1-2: Ball
2-2: Foul Ball, location: 2F
2-2: Foul Ball, location: 2F
2-2: Ground out 4-3 (Groundball, 34)
Batting: RHB Bernardo Rivera 0-0: Ball
1-0: Ball
2-0: Foul Ball, location: 2F
2-1: SINGLE (Line Drive, 6D)
Batting: RHB Solomon Norment 0-0: Called Strike
0-1: Ball
1-1: Foul Ball, location: 2F
1-2: Fly out, F9 (Flyball, 9LM)
Batting: RHB James Turner 0-0: Ball
1-0: Fly out, F8 (Flyball, 8LS)
Bottom of the 1st over - 0 runs, 1 hit, 0 errors, 1 left on base; Lannister United 0 - Phoenix Hotspur 0
TOP OF THE 2ND
Lannister United Lionhearts batting - Pitching for Phoenix Hotspur Youth : LHP José Santiago
Batting: RHB Neil Sanderson 0-0: Ground out 1-3 (Groundball, 13S)
Batting: RHB José García 0-0: Foul Ball, location: 2F
0-1: Ball
1-1: SINGLE (Flyball, 9)
Batting: RHB Breanainn Swartwood 0-0: Ball
1-0: Foul Ball, location: 2F
1-1: Called Strike
José García is caught stealing 2nd base
1-2: Ball
2-2: Ground out U3 (Groundball, 3)
Top of the 2nd over - 0 runs, 1 hit, 0 errors, 0 left on base; Lannister United 0 - Phoenix Hotspur 0
BOTTOM OF THE 2ND
Phoenix Hotspur Youth batting - Pitching for Lannister United Lionhearts : LHP Earl Farley
Batting: RHB Carl Tucker 0-0: Foul Ball, location: 2F
0-1: Ball
1-1: Foul Ball, location: 2F
1-2: Ball
2-2: Ball
3-2: SINGLE (Groundball, 4MD)
Batting: RHB Germán Alfaro 0-0: Ball
1-0: Ball
2-0: Ball
Wild Pitch!
Carl Tucker to second
3-0: Called Strike
3-1: Called Strike
3-2: Base on Balls
Batting: LHB Corey Ferguson 0-0: SINGLE (Groundball, 6MD)
Carl Tucker to third
Germán Alfaro to second
Runner from 3rd tries for Home, throw and OUT!
Batting: RHB Eric Conway 0-0: Ball
1-0: Ball
2-0: Called Strike
2-1: Grounds into double play, 4-6-3 (Groundball, 4D)
Bottom of the 2nd over - 0 runs, 2 hits, 0 errors, 1 left on base; Lannister United 0 - Phoenix Hotspur 0
TOP OF THE 3RD
Lannister United Lionhearts batting - Pitching for Phoenix Hotspur Youth : LHP José Santiago
Batting: RHB Arturo Sánchez 0-0: SINGLE (Groundball, 4M) (infield hit)
Batting: RHB Jason Compton 0-0: Called Strike
0-1: Called Strike
0-2: Ball
1-2: Strikes out looking
Batting: RHB Lee Storment 0-0: Called Strike
0-1: Ball
1-1: Ball
2-1: Ball
3-1: Swinging Strike
3-2: Strikes out swinging
Batting: RHB Andrés Escobar 0-0: Ball
1-0: Called Strike
1-1: Foul Ball, location: 2F
1-2: Ball
2-2: Strikes out swinging
Top of the 3rd over - 0 runs, 1 hit, 0 errors, 1 left on base; Lannister United 0 - Phoenix Hotspur 0
BOTTOM OF THE 3RD
Phoenix Hotspur Youth batting - Pitching for Lannister United Lionhearts : LHP Earl Farley
Batting: RHB Juan Rivera 0-0: Swinging Strike
0-1: Ball
1-1: Foul Ball, location: 2F
1-2: Strikes out looking
Batting: LHB António Escalante 0-0: Ball
1-0: Fly out, F7 (Flyball, 7LM)
Batting: RHB Bernardo Rivera 0-0: Called Strike
0-1: Ball
1-1: SINGLE (Line Drive, 7LM)
Batting: RHB Solomon Norment 0-0: Ball
1-0: Ball
2-0: Called Strike
2-1: Called Strike
2-2: Ball
3-2: Foul Ball, location: 2F
3-2: Base on Balls
Bernardo Rivera to second
Batting: RHB James Turner 0-0: Foul Ball, location: 2F
0-1: Fly out, F9 (Flyball, 9LMF)
Bottom of the 3rd over - 0 runs, 1 hit, 0 errors, 2 left on base; Lannister United 0 - Phoenix Hotspur 0
TOP OF THE 4TH
Lannister United Lionhearts batting - Pitching for Phoenix Hotspur Youth : LHP José Santiago
Batting: RHB Ron Morton 0-0: Called Strike
0-1: Ball
1-1: Foul Ball, location: 2F
1-2: Ground out 4-3 (Groundball, 4M)
Batting: RHB Carlos Pacheco 0-0: Ball
1-0: Called Strike
1-1: Ball
2-1: Foul Ball, location: 2F
2-2: Foul Ball, location: 2F
2-2: Foul Ball, location: 2F
2-2: Ball
3-2: Fly out, F6 (Line Drive, 6M)
Batting: RHB Neil Sanderson 0-0: Swinging Strike
0-1: Ball
1-1: Ball
2-1: Ground out 4-3 (Groundball, 4)
Top of the 4th over - 0 runs, 0 hits, 0 errors, 0 left on base; Lannister United 0 - Phoenix Hotspur 0
BOTTOM OF THE 4TH
Phoenix Hotspur Youth batting - Pitching for Lannister United Lionhearts : LHP Earl Farley
Batting: RHB Carl Tucker 0-0: Ball
1-0: SINGLE (Line Drive, 4D)
Batting: RHB Germán Alfaro 0-0: Called Strike
0-1: Ball
1-1: Ground out U3 (Groundball, 34)
Carl Tucker to second
Batting: LHB Corey Ferguson 0-0: Foul Ball, location: 2F
0-1: Foul Ball, location: 2F
0-2: Ball
1-2: Foul Ball, location: 2F
1-2: Fly out, F4 (Popup, 4M)
Batting: RHB Eric Conway 0-0: Called Strike
0-1: Foul Ball, location: 2F
0-2: Ball
1-2: Foul Ball, location: 2F
1-2: Ball
2-2: Ball
3-2: Fly out, F9 (Line Drive, 89D)
Bottom of the 4th over - 0 runs, 1 hit, 0 errors, 1 left on base; Lannister United 0 - Phoenix Hotspur 0
TOP OF THE 5TH
Lannister United Lionhearts batting - Pitching for Phoenix Hotspur Youth : LHP José Santiago
Batting: RHB José García 0-0: Called Strike
0-1: Called Strike
0-2: Ball
1-2: Ball
2-2: Foul Ball, location: 2F
2-2: Foul Ball, location: 2F
2-2: Strikes out swinging
Batting: RHB Breanainn Swartwood 0-0: Foul Ball, location: 2F
0-1: Ball
1-1: Fly out, F3 (Popup, 34S)
Batting: RHB Arturo Sánchez 0-0: Called Strike
0-1: Ball
1-1: Foul Ball, location: 2F
1-2: Foul Ball, location: 2F
1-2: Ball
2-2: Ball
3-2: Base on Balls
Batting: RHB Jason Compton 0-0: Ball
1-0: Ball
2-0: Called Strike
2-1: Ball
3-1: Fly out, F7 (Flyball, 78M)
Top of the 5th over - 0 runs, 0 hits, 0 errors, 1 left on base; Lannister United 0 - Phoenix Hotspur 0
BOTTOM OF THE 5TH
Phoenix Hotspur Youth batting - Pitching for Lannister United Lionhearts : LHP Earl Farley
Batting: RHB Juan Rivera 0-0: Called Strike
0-1: SINGLE (Line Drive, 8LS)
Batting: LHB António Escalante 0-0: Swinging Strike
0-1: Foul Ball, location: 2F
0-2: Foul Ball, location: 2F
0-2: Strikes out swinging
Batting: RHB Bernardo Rivera 0-0: Ball
1-0: Called Strike
1-1: Ball
2-1: Foul Ball, location: 2F
2-2: Foul Ball, location: 2F
2-2: Ball
3-2: Strikes out swinging
Batting: RHB Solomon Norment 0-0: Ball
1-0: Ball
2-0: Ball
3-0: Called Strike
3-1: Base on Balls
Juan Rivera to second
Batting: RHB James Turner 0-0: Called Strike
0-1: Ball
1-1: Ball
2-1: Fly out, F4 (Popup, 4)
Bottom of the 5th over - 0 runs, 1 hit, 0 errors, 2 left on base; Lannister United 0 - Phoenix Hotspur 0
TOP OF THE 6TH
Lannister United Lionhearts batting - Pitching for Phoenix Hotspur Youth : LHP José Santiago
Batting: RHB Lee Storment 0-0: Foul Ball, location: 2F
0-1: SINGLE (Flyball, 9S)
Batting: RHB Andrés Escobar 0-0: SINGLE (Groundball, 56D)
Lee Storment to second
Runner from 2nd tries for 3rd, SAFE, no throw
Batting: RHB Ron Morton 0-0: Ball
Andrés Escobar steals 2nd base
1-0: Ball
2-0: Ground out U3 (Groundball, 3)
Batting: RHB Carlos Pacheco 0-0: Ball
1-0: Foul Ball, location: 2F
1-1: Ball
2-1: Foul Ball, location: 2F
2-2: Foul Ball, location: 2F
2-2: Ball
3-2: DOUBLE (Line Drive, 3D)
Lee Storment scores
Andrés Escobar scores
Batting: RHB Neil Sanderson 0-0: Ball
1-0: Ball
2-0: Ball
3-0: Called Strike
3-1: SINGLE (Line Drive, 56)
Carlos Pacheco to third
Batting: RHB José García 0-0: Swinging Strike
0-1: Ball
1-1: Foul Ball, location: 2F
1-2: Grounds into double play, 4-6-3 (Groundball, 4)
Top of the 6th over - 2 runs, 4 hits, 0 errors, 1 left on base; Lannister United 2 - Phoenix Hotspur 0
BOTTOM OF THE 6TH
Phoenix Hotspur Youth batting - Pitching for Lannister United Lionhearts : LHP Earl Farley
Batting: RHB Carl Tucker 0-0: Called Strike
0-1: Ball
1-1: Ball
2-1: Foul Ball, location: 2F
2-2: Foul Ball, location: 2F
2-2: SINGLE (Line Drive, 89S)
Batting: RHB Germán Alfaro 0-0: Called Strike
0-1: Ground out U3 (Groundball, 34)
Carl Tucker to second
Batting: LHB Corey Ferguson 0-0: Ball
1-0: Ball
2-0: Called Strike
2-1: Called Strike
2-2: Strikes out swinging, 2-3 out at first.
Batting: RHB Eric Conway 0-0: Ball
1-0: TRIPLE (Line Drive, 8LXD)
Carl Tucker scores
Pitching: RHP Hideaki Hayagawa
Batting: RHB Juan Rivera 0-0: Ground out 6-3 (Groundball, 6)
Bottom of the 6th over - 1 run, 2 hits, 0 errors, 1 left on base; Lannister United 2 - Phoenix Hotspur 1
TOP OF THE 7TH
Lannister United Lionhearts batting - Pitching for Phoenix Hotspur Youth : LHP José Santiago
Batting: RHB Breanainn Swartwood 0-0: Swinging Strike
0-1: Ground out 6-3 (Groundball, 6)
Batting: RHB Arturo Sánchez 0-0: Ball
1-0: SINGLE (Groundball, 56S) (infield hit)
Batting: RHB Jason Compton 0-0: Ball
1-0: Ball
2-0: Grounds into double play, 6-4-3 (Groundball, 6)
Top of the 7th over - 0 runs, 1 hit, 0 errors, 0 left on base; Lannister United 2 - Phoenix Hotspur 1
BOTTOM OF THE 7TH
Phoenix Hotspur Youth batting - Pitching for Lannister United Lionhearts : RHP Hideaki Hayagawa
Batting: LHB António Escalante 0-0: Swinging Strike
0-1: Foul Ball, location: 2F
0-2: Ball
1-2: Fly out, F9 (Flyball, 89S)
Batting: RHB Bernardo Rivera 0-0: Ball
1-0: Ground out 6-3 (Groundball, 6MD)
Batting: RHB Solomon Norment 0-0: Ball
1-0: Ball
2-0: Foul Ball, location: 2F
2-1: Ground out 6-3 (Groundball, 6S)
Bottom of the 7th over - 0 runs, 0 hits, 0 errors, 0 left on base; Lannister United 2 - Phoenix Hotspur 1
TOP OF THE 8TH
Lannister United Lionhearts batting - Pitching for Phoenix Hotspur Youth : LHP José Santiago
Batting: RHB Lee Storment 0-0: Called Strike
0-1: TRIPLE (Flyball, 7D)
Batting: RHB Andrés Escobar 0-0: Ball
1-0: Swinging Strike
1-1: Foul Ball, location: 2F
1-2: Ground out 5-3 (Groundball, 56S)
Batting: RHB Ron Morton 0-0: Ball
1-0: Called Strike
1-1: Ball
2-1: Ball
3-1: Squeeze Bunt - play home, runner scores, batter safe!
Lee Storment scores
Batting: RHB Carlos Pacheco 0-0: Ball
1-0: Ball
2-0: Called Strike
2-1: Ball
3-1: SINGLE (Line Drive, 56D)
Ron Morton to second
Pitching: RHP Vernon Turner
Pinch Hitting: LHB Ashley Thachi 0-0: Swinging Strike
0-1: Ball
1-1: Ball
2-1: Foul Ball, location: 2F
2-2: Ball
3-2: Base on Balls
Ron Morton to third
Carlos Pacheco to second
Pinch Hitting: LHB Ramón García 0-0: Called Strike
0-1: Foul Ball, location: 2F
0-2: Ball
1-2: Fly out, F9 (Flyball, 9)
Runner from 3rd tags up, SCORES, no throw
Batting: RHB Breanainn Swartwood 0-0: Called Strike
0-1: Ground out 4-3 (Groundball, 4)
Top of the 8th over - 2 runs, 2 hits, 0 errors, 2 left on base; Lannister United 4 - Phoenix Hotspur 1
BOTTOM OF THE 8TH
Phoenix Hotspur Youth batting - Pitching for Lannister United Lionhearts : RHP Hideaki Hayagawa
Now in CF: Juan Macíel
Now in RF: Ramón García
Batting: RHB James Turner 0-0: Called Strike
0-1: Foul Ball, location: 2F
0-2: Strikes out swinging
Batting: RHB Carl Tucker 0-0: Ball
1-0: Foul Ball, location: 2F
1-1: Foul Ball, location: 2F
1-2: Foul Ball, location: 2F
1-2: Foul Ball, location: 2F
1-2: SINGLE (Flyball, 78M)
Batting: RHB Germán Alfaro 0-0: Foul Ball, location: 2F
0-1: Ball
1-1: Called Strike
1-2: Ball
2-2: Strikes out looking
Batting: LHB Corey Ferguson 0-0: Foul Ball, location: 2F
0-1: Called Strike
0-2: Foul Ball, location: 2F
0-2: Ball
1-2: Foul Ball, location: 2F
1-2: Foul Ball, location: 2F
1-2: Ground out 4-3 (Groundball, 4)
Bottom of the 8th over - 0 runs, 1 hit, 0 errors, 1 left on base; Lannister United 4 - Phoenix Hotspur 1
TOP OF THE 9TH
Lannister United Lionhearts batting - Pitching for Phoenix Hotspur Youth : RHP Vernon Turner
Batting: RHB Arturo Sánchez 0-0: Fly out, F8 (Flyball, 8LS)
Batting: RHB Jason Compton 0-0: Swinging Strike
0-1: Ball
1-1: Ball
2-1: Ball
3-1: Swinging Strike
3-2: Ground out 1-3 (Groundball, 15)
Batting: RHB Lee Storment 0-0: Ball
1-0: Called Strike
1-1: Swinging Strike
1-2: Ball
2-2: Strikes out swinging
Top of the 9th over - 0 runs, 0 hits, 0 errors, 0 left on base; Lannister United 4 - Phoenix Hotspur 1
BOTTOM OF THE 9TH
Phoenix Hotspur Youth batting - Pitching for Lannister United Lionhearts : RHP Hideaki Hayagawa
Batting: RHB Eric Conway 0-0: Foul Ball, location: 2F
0-1: Ball
1-1: Ball
2-1: Reached on error, E8 (Flyball, 8RD)
Batting: RHB Juan Rivera 0-0: Called Strike
0-1: Swinging Strike
0-2: Ball
1-2: Strikes out swinging
Batting: LHB António Escalante 0-0: Ball
1-0: Ball
2-0: Called Strike
2-1: Foul Ball, location: 2F
2-2: Ball
3-2: Base on Balls
Batting: RHB Bernardo Rivera 0-0: Called Strike
0-1: SINGLE (Groundball, 6MD)
Eric Conway to third
António Escalante to second
Batting: RHB Solomon Norment 0-0: Foul Ball, location: 2F
0-1: Foul Ball, location: 2F
0-2: Ball
1-2: DOUBLE (Line Drive, 9LD)
Eric Conway scores
António Escalante scores
Bernardo Rivera to third
Pitching: RHP Manuel Torres
Pinch Hitting: LHB Kenny Scott 0-0: Fly out, F5 (Popup, 25F)
Batting: RHB Carl Tucker 0-0: Called Strike
0-1: Called Strike
0-2: Ball
1-2: Ball
2-2: SINGLE (Line Drive, 89S)
Bernardo Rivera scores
Solomon Norment to third
Runner from 3rd tries for Home, SAFE, no throw
Tuesday, December 19th, 2017 - OOTP Baseball 18.8 Build 76